 Dungeon Crawl Stone Soup version 0.27.1-1-g398f81649c (webtiles) character file.

Game seed: 16434741972801880918

184 styxcanada the Sneak (level 5, -3/26 HPs)
             Began as a Spriggan Brigand on Sept 20, 2021.
             Slain by a kobold brigand (5 damage)
             ... in a sewer.
             The game lasted 00:13:41 (4242 turns).

styxcanada the Sneak (Spriggan Brigand)             Turns: 4242, Time: 00:13:42

Health: -3/26      AC:  3    Str:  7    XL:     5   Next: 36%
Magic:  8/8        EV: 17    Int: 13    God:
Gold:   67         SH:  0    Dex: 17    Spells: 4/7 levels left

rFire    . . .     SeeInvis +   a - +3 dagger (freeze)
rCold    . . .     Faith    .   (shield restricted)
rNeg     . . .     Spirit   .   b - +0 robe
rPois    .         Reflect  .   (helmet restricted)
rElec    .         Harm     .   c - +0 cloak
rCorr    .         Rampage  .   (gloves unavailable)
Will     .....                  (boots unavailable)
Stlth    ++++......             (no amulet)
HPRegen  0.08/turn              (no ring)
MPRegen  0.11/turn              (no ring)

@: mighty, lethally poisoned (-3 -> -7), very quick
A: very small, no large weapons, unfitting armour, see invisible, speed 3
a: no special abilities


You were in a sewer.
You visited 1 branch of the dungeon, and saw 3 of its levels.
You also visited: Sewer.

You collected 67 gold pieces.

Inventory:

Hand Weapons
 a - a +3 dagger of freezing (weapon)
 j - a +0 hunting sling
Missiles
 h - 81 stones (quivered)
 p - 33 sling bullets
Armour
 b - a +0 robe (worn)
 c - a +0 cloak (worn)
Scrolls
 i - a scroll of immolation
 k - a scroll of silence {unknown}
 l - 2 scrolls of teleportation
Potions
 f - 2 potions of brilliance
 g - a potion of berserk rage
 m - a potion of might
 n - a potion of curing
 o - a potion of haste {unknown}
 q - a potion of cancellation {unknown}
 r - a potion of heal wounds {unknown}


   Skills:
 * Level 2.1 Fighting
 + Level 3.0 Short Blades
 + Level 2.6 Throwing
 * Level 2.7 Dodging
 * Level 7.8 Stealth
 * Level 1.6 Spellcasting
 * Level 0.1 Summonings


You had 4 spell levels left.
You knew the following spells:

 Your Spells              Type           Power      Damage    Failure   Level
a - Call Canine Familiar  Summ           1%         N/A       58%         3

Your spell library contained the following spells:

 Spells                   Type           Power      Damage    Failure   Level
 Summon Small Mammal      Summ           4%         N/A       26%         1
 Summon Guardian Golem    Hex/Summ       1%         N/A       61%         3


Dungeon Overview and Level Annotations

Branches:
Dungeon (3/15)              Sewer (1/1)

Altars:
Makhleb


Innate Abilities, Weirdness & Mutations

You are very small and have problems with some larger weapons.
You are too small for most types of armour.
You have supernaturally acute eyesight. (SInv)
You cover ground extremely quickly. (Speed+++)


Message History

You throw a poisoned dart.
The poisoned dart hits the kobold brigand!
The kobold brigand looks as sick as possible!
The kobold brigand is heavily wounded.
You feel sick.
The kobold brigand throws a poisoned dart.
The poisoned dart closely misses you.
Throw: dart (poison)
Press: ? - help, Q - select action, (/) - cycle Shift-Dir - straight line, f/p - kobold brigand
Aim: a kobold brigand, wielding a +0 whip and quivering poisoned darts (heavily wounded, extremely poisoned, 55% to hit)
You throw a poisoned dart.
The poisoned dart closely misses the kobold brigand.
You feel sick.
You feel sick.
The kobold brigand throws a poisoned dart.
The poisoned dart hits you!
You are more poisoned.
Throw: dart (curare)
Press: ? - help, Q - select action, (/) - cycle Shift-Dir - straight line, f/p - kobold brigand
Aim: a kobold brigand, wielding a +0 whip and quivering poisoned darts (severely wounded, extremely poisoned, 55% to hit)
You throw a curare-tipped dart.
The curare-tipped dart hits the kobold brigand.
The kobold brigand looks as sick as possible!
The kobold brigand convulses.
The kobold brigand seems to slow down.
The kobold brigand is severely wounded.
You feel sick.
You feel sick.
The kobold brigand hits you with a +0 whip.
* * * LOW HITPOINT WARNING * * *
You barely miss the kobold brigand.
The kobold brigand is almost dead.
* * * LOW HITPOINT WARNING * * *
You feel sick.
It was a potion of might.
You feel very mighty all of a sudden.
* * * LOW HITPOINT WARNING * * *
You feel sick.
The kobold brigand hits you with a +0 whip.
You die...

#.....#≈≈≈#P≈.....##
#.....#≈≈≈#≈≈....##
##.....#≈≈≈#≈.....##
#......#≈≈≈≈P......##
#......#≈≈≈≈≈≈..P...#
#......#≈≈≈≈≈≈......#
#......#≈≈≈#≈≈PP...##
#....≈≈#≈≈≈#≈≈.....#
##...≈≈#≈≈≈#P...@..#
##...≈≈≈≈≈≈#....K..#
#..).≈≈≈≈≈≈#...(...#
###)).≈#≈≈≈#.......#
#....#≈≈≈#.....###
##')##≈≈≈##''###
#[...#≈≈≈#.((.#
#....#≈≈≈#.)?.#
#..∩.#≈≈≈#.∩..#


You could see a kobold brigand (extremely poisoned, slow).

Vanquished Creatures
  A scorpion (D:2)
  Jessica (D:2)
  2 adders (D:2)
  2 dart slugs (D:1)
  An orc (D:3)
  6 bats
  8 endoplasms
  3 giant cockroaches
  3 goblins
  A hobgoblin (D:2)
  8 jackals (D:1)
  16 kobolds
  2 quokkas (D:2)
  6 ball pythons
  7 frilled lizards
  7 rats
74 creatures vanquished.

Vanquished Creatures (others)
  4 plants (Sewer)
4 creatures vanquished.

Grand Total: 78 creatures vanquished

Notes
Turn   | Place    | Note
-------+----------+-------------------------------------------
     0 | D:1      | styxcanada the Spriggan Brigand began the quest for the
                  | Orb.
     0 | D:1      | Reached XP level 1. HP: 10/10 MP: 2/2
    34 | D:1      | Reached skill level 6 in Stealth
   471 | D:1      | Reached XP level 2. HP: 11/14 MP: 3/3
   953 | D:1      | Found a faded altar of an unknown god.
  1267 | D:1      | Reached XP level 3. HP: 18/18 MP: 4/4
  1963 | D:2      | Noticed a scorpion
  1979 | D:2      | Killed a scorpion
  1980 | D:2      | Reached skill level 7 in Stealth
  1980 | D:2      | Reached skill level 1 in Spellcasting
  1980 | D:2      | Reached XP level 4. HP: 23/23 MP: 6/6
  2400 | D:2      | Noticed Jessica
  2407 | D:2      | Killed Jessica
  2666 | D:2      | Reached XP level 5. HP: 26/26 MP: 8/8
  2673 | D:2      | Found a burning altar of Makhleb.
  2694 | D:2      | Learned a level 3 spell: Call Canine Familiar
  3659 | D:3      | Found a glowing drain.
  3679 | Sewer    | Entered a sewer
  4242 | Sewer    | Slain by a kobold brigand

Illustrated notes

Levels and vault maps discovered:
D:1:      dpeg_arrival_tiny_d, layout_basic, ebering_ecumenical_altar_webs
D:2:      layout_loops_corners, basic_altar, uniq_jessica
D:3:      layout_loops_ring, cheibrodos_sewer_entry_sluice, grunt_ministairs_11,
          columned_hall_lemuel, minmay_hedge_maze, minivault_4,
          chequers_arboretum, minmay_gold_behind_fungi
Sewer:    kennysheep_pipe_town

Skill      XL: |  1  2  3  4  5 |
---------------+----------------+-----
Stealth        | 6 7 |  7.8
Fighting       | 2 |  2.1
Dodging        | 2 |  2.7
Spellcasting   | 1 |  1.6
Short Blades   | 3 |  3.0
Throwing       | |  2.6
Summonings     | |  0.1

Action                   |  1- 3 |  4- 6 || total
-------------------------+-------+-------++-------
Melee: Dagger            |    86 |   124 ||   210
Throw: Dart              |    18 |    20 ||    38
  Use: Scroll            |       |     8 ||     8
       Potion            |       |     3 ||     3
 Stab: Sleeping          |     6 |    13 ||    19
Armor: Robe              |     7 |    18 ||    25
Dodge: Dodged            |    59 |    88 ||   147
